Map: [ESL] Oceanborn

Players

Coffee - Winner!

  • Race: Terran Terran
  • Spawn Location: 5:00

Cyan

  • Race: Protoss Protoss
  • Spawn Location: 11:00

Event: ESL SC2 Masters 2024 Spring (Regional)

VOD

Have the link to the VOD?

Description

Time

  • Played on: April 26, 2024, 8:53 a.m.
  • Length: 12:17

All games in this series

Show
View Real Time Build Order
Export as new Build Order

Coffee Terran - Winner!

Build Orders: Cyclone Opening 

Get SALT Encoding   

  12  0:00  SCV  
  13  0:12  SCV  
  14  0:16  Supply Depot  
  14  0:24  SCV  
  15  0:38  SCV  
  15  0:39  Barracks  
  16  0:42  Refinery  
  16  0:50  SCV  
  17  1:02  SCV  
  18  1:14  SCV  
  19  1:26  Marine  
  19  1:27  Orbital Command  
  20  1:40  Command Center  
  20  1:52  SCV  
  20  1:53  Factory  
  21  2:02  Barracks Reactor, Supply Depot  
  21  2:05  SCV  
  22  2:18  SCV  
  23  2:33  Command Center  
  23  2:44  Cyclone x2  
  23  2:47  SCV  
  23  2:50  Barracks Tech Lab  
  28  2:53  Refinery  
  28  2:59  SCV  
  29  3:10  Barracks  
  29  3:11  SCV  
  30  3:24  Orbital Command  
  30  3:28  SCV  
  30  3:30  Siege Tank  
  30  3:32  Marine x2  
  36  3:40  SCV  
  37  3:45  Orbital Command  
  37  3:49  SCV  
  37  3:51  Marine x2  
  37  3:52  SCV  
  41  3:57  Barracks Tech Lab  
  41  4:01  SCV  
  42  4:03  Siege Tank  
  42  4:04  SCV  
  42  4:09  Barracks  
  46  4:13  Marine x2  
  46  4:14  SCV  
  49  4:19  Stimpack  
  49  4:20  SCV  
  49  4:22  SCV  
  51  4:25  Supply Depot  
  51  4:30  SCV  
  51  4:32  SCV, Engineering Bay  
  51  4:36  SCV  
  53  4:41  Marine x3  
  53  4:42  SCV  
  53  4:44  SCV  
  58  4:47  Refinery  
  58  4:52  Supply Depot  
  58  4:54  SCV  
  58  4:58  SCV x2, Starport  
  58  4:59  Terran Infantry Weapons Level 1, Factory Reactor  
  61  5:06  SCV  
  62  5:08  Supply Depot  
  62  5:10  SCV, Marine x3  
  62  5:11  Marine  
  67  5:18  Combat Shield  
  67  5:25  Barracks  
  67  5:26  Barracks  
  67  5:30  SCV x2, Refinery  
  67  5:33  Marine  
  67  5:34  Marine x3  
  67  5:35  SCV  
  71  5:40  Orbital Command  
  68  5:44  SCV x2  
  68  5:45  Factory Tech Lab  
  68  5:47  Missile Turret x2  
  70  5:53  Marine x2  
  70  5:54  Marauder x2  
  76  5:57  Medivac x2  
  80  6:08  SCV  
  80  6:09  SCV x2  
  80  6:12  Supply Depot  
  80  6:13  Supply Depot  
  80  6:15  Siege Tank  
  82  6:19  Concussive Shells  
  82  6:20  Barracks Tech Lab, Barracks Reactor  
  82  6:21  SCV x2  
  82  6:24  SCV  
  85  6:26  Supply Depot  
  85  6:34  SCV x2, Marine x2  
  85  6:37  Marauder x2  
  93  6:42  Marauder  
  93  6:43  Supply Depot  
  95  6:47  Siege Tank  
  95  6:51  SCV x2  
  95  6:52  SCV  
  95  6:53  Terran Infantry Armor Level 1  
  99  7:03  SCV x2  
  99  7:04  SCV  
  99  7:06  Marine x4  
  99  7:07  Marauder  
  108  7:12  Supply Depot  
  108  7:15  SCV  
  108  7:16  Missile Turret  
  108  7:18  Supply Depot  
  108  7:20  Medivac x2, Marauder x2  
  108  7:21  SCV  
  118  7:23  SCV  
  118  7:27  Marine  
  118  7:28  Marine x3  
  122  7:34  Siege Tank  
  125  7:37  Bunker  
  125  7:41  SCV  
  125  7:42  SCV, Supply Depot  
  127  7:44  SCV  
  127  7:46  Marauder  
  127  7:48  Marauder  
  127  7:51  Marauder  
  134  7:58  SCV  
  135  8:00  Supply Depot  
  135  8:06  Siege Tank, Marine x3  
  135  8:10  Liberator x2  
  146  8:14  SCV x3  
  149  8:22  Marauder x3  
  149  8:25  Supply Depot  
  155  8:28  SCV x2  
  155  8:30  Supply Depot  
  157  8:42  Refinery  
  157  8:46  Supply Depot, Missile Turret  
  157  8:47  SCV x2, Missile Turret, Marine x4  
  130  9:02  Marine, Marauder x2  
  128  9:03  Liberator x2, Siege Tank  
  128  9:05  Marine  
  128  9:06  SCV  
  128  9:07  SCV x2  
  136  9:18  Marine x3  
  136  9:20  Marauder  
  136  9:23  Marauder x2  
  145  9:24  SCV x2  
  145  9:27  Marine  
  149  9:36  SCV, Marine  
  150  9:38  Refinery  
  150  9:42  Marauder  
  150  9:45  Marauder x2  
  143  9:51  SCV x2  
  141  9:56  SCV  
  142  10:03  SCV, Marauder  
  142  10:06  Marauder x2, Marine x2  
  151  10:14  Siege Tank, Marine x2  
  148  10:15  Medivac  
  148  10:18  Ghost Academy  
  154  10:24  Marine  
  154  10:25  Marauder  
  154  10:27  Marauder  
  154  10:28  Marauder  
  139  10:34  Marine  
  122  10:46  Marauder  
  122  10:48  Siege Tank  
  122  10:49  Medivac x2, Marine x3, Marauder x2  
  138  10:51  SCV  
  138  10:53  Command Center  
  139  11:01  Marine  
  140  11:07  Marauder, Marine  
  142  11:17  Ghost x2  
  141  11:24  Marine x3  
  142  11:28  Ghost, Marine  
  139  11:35  Medivac, Siege Tank  
  123  11:42  Marine x3  
  123  11:45  Marine  
  123  11:47  Marauder x2  
  121  11:57  Marine  
  111  12:05  Barracks  
  111  12:07  Barracks x2  
Show
View Real Time Build Order
Export as new Build Order

Cyan Protoss 

Build Orders: 1 Gate Expand, Phoenix Opening, Colossus Rush 

Get SALT Encoding   

  12  0:00  Probe  
  13  0:12  Probe  
  14  0:17  Pylon  
  14  0:24  Probe (Chrono Boost)  
  15  0:36  Probe (Chrono Boost), Gateway  
  16  0:44  Probe (Chrono Boost)  
  16  0:46  Assimilator  
  17  0:51  Probe  
  18  1:03  Probe  
  19  1:15  Probe  
  20  1:25  Cybernetics Core  
  20  1:32  Nexus  
  20  1:34  Probe  
  21  1:41  Pylon  
  21  1:46  Probe  
  22  1:50  Assimilator  
  22  1:58  Probe, Adept (Chrono Boost)  
  25  2:10  Probe  
  26  2:22  Probe (Chrono Boost)  
  27  2:23  Stargate  
  27  2:25  Adept  
  29  2:34  Warp Gate, Probe (Chrono Boost)  
  30  2:40  Probe (Chrono Boost)  
  31  2:44  Probe (Chrono Boost)  
  33  2:54  Probe (Chrono Boost)  
  33  2:55  Probe (Chrono Boost)  
  33  2:56  Shield Battery, Adept  
  36  2:59  Probe (Chrono Boost)  
  36  3:01  Probe  
  38  3:07  Phoenix (Chrono Boost)  
  38  3:11  Probe  
  41  3:14  Gateway  
  41  3:16  Probe  
  41  3:19  Pylon  
  42  3:23  Probe  
  43  3:28  Probe  
  43  3:29  Phoenix (Chrono Boost)  
  46  3:34  Pylon  
  46  3:37  Probe  
  46  3:40  Probe  
  48  3:43  Gateway  
  48  3:49  Probe  
  48  3:51  Phoenix (Chrono Boost)  
  48  3:54  Robotics Facility  
  51  3:56  Probe  
  51  4:01  Assimilator  
  51  4:02  Assimilator  
  52  4:03  Probe  
  52  4:08  Probe  
  54  4:12  Phoenix (Chrono Boost)  
  54  4:15  Probe  
  57  4:18  Pylon  
  57  4:20  Probe  
  58  4:27  Probe  
  58  4:31  Phoenix  
  61  4:33  Probe  
  62  4:39  Observer  
  62  4:42  Nexus  
  63  4:46  Pylon  
  63  4:48  Pylon  
  63  4:52  Robotics Bay  
  63  4:56  Probe x2  
  65  5:03  Immortal  
  69  5:07  Shield Battery  
  69  5:08  Probe  
  69  5:09  Probe  
  71  5:20  Zealot, Sentry  
  71  5:21  Probe  
  76  5:26  Probe  
  77  5:33  Probe  
  74  5:38  Probe  
  74  5:39  Colossus (Chrono Boost)  
  79  5:45  Extended Thermal Lance  
  80  5:50  Probe (Chrono Boost)  
  80  5:54  Twilight Council, Forge, Probe x2 (Chrono Boost)  
  82  5:58  Sentry  
  82  5:59  Zealot  
  82  6:01  Probe (Chrono Boost)  
  82  6:03  Probe x2 (Chrono Boost)  
  86  6:08  Probe  
  86  6:09  Probe  
  88  6:17  Probe  
  89  6:18  Protoss Ground Weapons Level 1 (Chrono Boost)  
  89  6:20  Pylon, Probe  
  89  6:22  Assimilator, Probe  
  89  6:23  Colossus (Chrono Boost)  
  97  6:26  Assimilator  
  97  6:27  Zealot x2  
  97  6:28  Pylon  
  101  6:33  Charge (Chrono Boost)  
  101  6:34  Pylon  
  101  6:38  Probe  
  102  6:42  Gateway  
  102  6:43  Gateway  
  102  6:47  Pylon  
  102  6:53  Gateway  
  102  6:55  Templar Archives  
  102  6:56  Gateway  
  102  6:58  Probe x2  
  104  7:02  Probe  
  104  7:05  Gateway  
  104  7:06  Pylon  
  105  7:09  Colossus (Chrono Boost)  
  105  7:14  Pylon  
  111  7:22  Nexus  
  111  7:24  Pylon  
  111  7:25  Psionic Storm  
  111  7:32  Pylon  
  111  7:33  Pylon  
  111  7:38  High Templar  
  111  7:39  High Templar  
  111  7:41  Probe  
  111  7:42  Pylon  
  111  7:43  Photon Cannon  
  116  7:45  Probe, Shield Battery  
  116  7:46  Probe  
  118  7:53  Gateway x2  
  118  7:54  High Templar  
  118  7:58  Warp Prism (Chrono Boost)  
  120  7:59  High Templar  
  120  8:00  Probe  
  124  8:07  Protoss Ground Weapons Level 2, Probe  
  124  8:08  Photon Cannon  
  124  8:11  Probe  
  124  8:12  Pylon  
  126  8:13  Pylon, Photon Cannon  
  126  8:15  Photon Cannon  
  126  8:19  High Templar  
  128  8:23  Blink (Chrono Boost)  
  128  8:38  High Templar  
  128  8:39  Probe  
  128  8:40  Probe x2  
  128  8:41  Immortal (Chrono Boost)  
  134  8:46  Zealot x5  
  100  9:05  Zealot x4  
  102  9:12  Zealot  
  102  9:13  Zealot x5  
  102  9:15  Immortal (Chrono Boost)  
  118  9:27  High Templar  
  118  9:28  High Templar x2  
  124  9:33  High Templar  
  124  9:34  Zealot x4  
  116  9:38  Nexus  
  116  9:39  Pylon, Colossus (Chrono Boost)  
  104  9:55  Stalker x4  
  104  9:57  Zealot  
  114  10:07  Zealot x4  
  114  10:12  Archon  
  114  10:15  Stalker  
  116  10:27  Stalker x2, Colossus (Chrono Boost)  
  102  10:30  Stalker  
  84  10:36  Zealot x2  
  84  10:37  Zealot  
  84  10:41  Zealot  
  84  10:44  High Templar  
  84  10:45  High Templar  
  87  10:50  Archon  
  87  10:54  Void Ray (Chrono Boost)  
  90  11:00  High Templar x2  
  90  11:01  Zealot  
  90  11:02  Zealot x2  
  89  11:05  Archon  
  89  11:06  Zealot  
  85  11:21  Stalker x2  
  85  11:25  Stalker x3  
  75  11:33  Stalker x2  
  66  11:44  Zealot x2, Stalker  
  70  11:53  Zealot x2  
  66  12:01  Zealot x2  
  62  12:04  Zealot  
Tags
 
Add a new tag
Caveats
  • Supply blocks, unpowered buildings, or Contaminate may cause inaccurate times.
  • Supply counts are checked every 10 seconds.